 Dungeon Crawl Stone Soup version 0.29.0-13-gc9e81de378 (webtiles) character file.

Game seed: 16593113563828457861

83622 Ofeo the Thaumaturge (level 16, -2/141 HPs)
             Began as a Meteoran Ice Elementalist on Sept 9, 2022.
             Was a High Priest of Kikubaaqudgha.
             Slain by a demonic crawler (3 damage)
             ... on level 4 of the Spider Nest.
             The game lasted 01:18:52 (5399 turns).

Ofeo the Thaumaturge (Meteoran Ice Elementalist)    Turns: 5399, Time: 01:18:53

Health: -2/141     AC: 11    Str:  6 (11) XL:     16   Next: 76%
Magic:  25/44      EV: 19    Int: 22 (25) God:    Kikubaaqudgha [*****.]
Gold:   1385       SH:  0    Dex: 15 (16) Spells: 10/43 levels left

rFire   . . .      SeeInvis .   o - +7 triple sword of Salt {elec, rN+ Int+2}
rCold   . . .      Faith    .   (shield currently unavailable)
rNeg    + . .      Spirit   .   n - +0 steam dragon scales
rPois   .          Reflect  .   (no helmet)
rElec   .          Harm     .   (no cloak)
rCorr   .          Rampage  .   w - +1 pair of gloves
Will    ++...                   (no boots)
Stlth   ++........              K - amulet of regeneration
HPRegen 1.13/turn               d - +4 ring of protection
MPRegen 0.29/turn               j - ring of magical power

@: animating dead, glowing
A: sense surroundings 2, otherworldly, glowing, explore regen
a: Renounce Religion, Unearth Wretches, Torment


You were on level 4 of the Spider Nest.
You worshipped Kikubaaqudgha.
Kikubaaqudgha was extremely pleased with you.
You visited 4 branches of the dungeon, and saw 20 of its levels.
You also visited: Ossuary.

You collected 1385 gold pieces.

Inventory:

Hand Weapons
 o - the +7 triple sword of Salt (weapon) {elec, rN+ Int+2}
   (You found it on level 3 of the Dungeon)

   It occasionally discharges a powerful burst of electricity upon striking a
   foe.
   Int:       It affects your intelligence (+2).
   rN:        It protects you from negative energy.
 H - a +6 demon trident of protection
Missiles
 I - 5 javelins
 N - 5 silver javelins
Armour
 a - a +0 robe
 n - +0 steam dragon scales (worn)
 w - a +1 pair of gloves (worn)
 J - a +2 ring mail of fire resistance
Magical Staves
 b - a staff of earth
Jewellery
 d - a +4 ring of protection (left hand)
 j - a ring of magical power (right hand)
 s - a ring of wizardry
 x - an amulet of guardian spirit
 y - a +4 ring of protection
 z - a ring of protection from cold
 D - a ring of ice
 K - an amulet of regeneration (around neck)
Wands
 u - a wand of roots (11)
 B - a wand of digging (6) {@v1}
 L - a wand of charming (13)
Scrolls
 f - 3 scrolls of amnesia
 g - a scroll of noise
 p - a scroll of enchant weapon
 r - 2 scrolls of vulnerability
 t - 2 scrolls of poison
 v - 4 scrolls of fear
 E - a scroll of blinking {@r4}
 G - a scroll of immolation
 M - a scroll of butterflies
 O - 2 scrolls of torment
Potions
 c - 2 potions of might {@q4}
 e - 2 potions of degeneration
 h - a potion of heal wounds {@q2}
 l - 2 potions of flight
 m - 6 potions of attraction
 A - a potion of lignification
 C - a potion of haste {@q3}
 F - a potion of invisibility
 P - a potion of brilliance


   Skills:
 + Level 12.4 Fighting
 + Level 13.8 Dodging
 + Level 9.9 Stealth
 + Level 14.0 Spellcasting
 - Level 5.0 Conjurations
 - Level 8.1 Necromancy
 - Level 10.5 Ice Magic
 * Level 12.8 Evocations


You had 10 spell levels left.
You knew the following spells:

 Your Spells              Type           Power      Damage    Failure   Level
a - Freeze                Ice            100%       1d11      1%          1
b - Frozen Ramparts       Ice            100%       1d16      1%          3
c - Ozocubu's Armour      Ice            58%        N/A       1%          3
d - Hailstorm             Conj/Ice       49%        3d11      1%          4
e - Animate Dead          Necr           50%        N/A       1%          4
f - Sublimation of Blood  Necr           50%        N/A       1%          2
g - Anguish               Hex/Necr       16%        N/A       8%          4
h - Simulacrum            Ice/Necr       27%        N/A       13%         6
i - Death Channel         Necr           25%        N/A       22%         6

Your spell library contained the following spells:

 Spells                   Type           Power      Damage    Failure   Level
 Necrotise                Necr           100%       1d9       1%          1
 Ensorcelled Hibernation  Hex/Ice        76%        N/A       1%          2
 Dispel Undead            Necr           50%        3d19      1%          4
 Static Discharge         Conj/Air       26%        3-7/arc   2%          2
 Apportation              Tloc           30%        N/A       4%          1
 Beastly Appendage        Tmut           30%        N/A       4%          1
 Summon Small Mammal      Summ           60%        N/A       4%          1
 Ice Form                 Ice/Tmut       38%        N/A       4%          4
 Summon Ice Beast         Ice/Summ       38%        N/A       4%          4
 Agony                    Necr           50%        N/A       4%          5
 Wereblood                Tmut           15%        N/A       6%          2
 Spider Form              Tmut/Pois      15%        N/A       12%         3
 Corpse Rot               Necr/Pois/Air  27%        N/A       13%         4
 Fulminant Prism          Conj/Hex       13%        3d9       14%         4
 Iskenderun's Mystic Bla  Conj/Tloc      26%        2d7       14%         4
 Animate Armour           Summ/Erth      30%        N/A       36%         4
 Lightning Bolt           Conj/Air       13%        1d26      36%         5
 Blade Hands              Tmut           7%         N/A       73%         5
 Lee's Rapid Deconstruct  Erth           7%         3d8*      73%         5
 Summon Mana Viper        Hex/Summ       15%        N/A       73%         5
 Iron Shot                Conj/Erth      13%        9d3       91%         6
 Monstrous Menagerie      Summ           7%         N/A       100%        7
 Maxwell's Capacitive Co  Air            7%         ∞         100%        8


Dungeon Overview and Level Annotations

Branches:
Dungeon (10/15) Zot: 3904  Temple (1/1) D:5 Zot: 513    Lair (5/5) D:9 Zot: 871
  Swamp (0/4) Lair:3       Spider (4/4) Lair:3 Zot: 1179   Slime (0/5) Lair:5
Ossuary (visited)
    Orc: D:9-12

Altars:
Cheibriados
Dithmenos
Elyvilon
Fedhas
Hepliaklqana
Kikubaaqudgha
Qazlal
Ru
Sif Muna
Trog
Wu Jian
Xom
Yredelemnul
The Shining One

Annotations:
D:5 Duvessa
Lair:3 1 runed translucent door
Spider:1 3 runed translucent doors, meatsac's ghost, adept GnMo
Spider:2 1 runed translucent door


Innate Abilities, Weirdness & Mutations

You passively map the area around you.
You are easily found by Zot.
You glow in the dark.
You regain HP and MP as you explore.


Message History

* * * LOW HITPOINT WARNING * * *
The demonic crawler hits you!
* * * LOW HITPOINT WARNING * * *
The demonic crawler barely misses you. x2; The tarantella closely misses you.
The demonic crawler misses you. x2
The demonic crawler completely misses you.
You take 12 damage, and have 30/141 hp.
Okay, then.
Aiming: Fastroot
Press: ? - help, Shift-Dir - straight line, f - demonic crawler
Aim: a demonic crawler (ally target)
The roots erupt in riotous growth!
Roots grab the demonic crawler.
Roots grab the tarantella.
The grasping roots constrict the demonic crawler.
The grasping roots constrict the tarantella.
The tarantella completely misses you.
A tarantella comes into view.
The tarantella touches you.
* * * LOW HITPOINT WARNING * * *
You are confused.
Your jumping spider zombie evades a web.
The demonic crawler hits you!
* * * LOW HITPOINT WARNING * * *
The demonic crawler hits you but does no damage.
The demonic crawler hits you!
* * * LOW HITPOINT WARNING * * *
You take 24 damage, and have 6/141 hp.
You feel better.
The grasping roots constrict the demonic crawler!
The grasping roots constrict the tarantella!
The tarantella closely misses you.
Your jumping spider zombie pounces on the tarantella!
Your jumping spider zombie bites the tarantella.
The demonic crawler hits you.
* * * LOW HITPOINT WARNING * * *
The demonic crawler hits you!
* * * LOW HITPOINT WARNING * * *
The demonic crawler hits you.
You die...
Kikubaaqudgha rasps: "You have failed me!
Welcome... death!"

* ** ###
## .* #.##
.#..* ,
#..#....#
, #..#...
, , ^
#...# , *
* #@Z#, ,
* #ss# , *
#†...# ,,
, **
#ZZ.....
#....##...
#..#.. #^
, #..s.#.
,
#.##..###
,
#.....^^#
,*


You could see a demonic crawler (rooted, ally target), 2 tarantellas, 2 friendly
jumping spider zombies and a friendly ghost moth zombie.

Vanquished Creatures
  A broodmother (Spider:1)
  2 spark wasps
  Fannar (Lair:2)
  6 hydras
  2 radroaches (Spider:1)
  2 catoblepae (Lair:5)
  A two-headed ogre (D:9)
  10 death yaks
  Urug (Lair:2)
  3 steelbarb worms
  2 orb spiders (Spider:4)
  5 wolf spiders
  3 moths of wrath (Spider:1)
  A manticore (Lair:5)
  4 black mambas
  4 torpor snails
  2 cane toads
  2 rime drakes
  2 demonic crawlers (Spider:4)
  4 komodo dragons
  A meliai (Spider:4)
  A polar bear (Lair:5)
  12 tarantellas
  3 blink frogs
  6 culicivoras
  6 jumping spiders
  18 yaks
  5 wyverns
  3 basilisks
  A steam dragon (D:9)
  Grum (D:9)
  11 redbacks
  3 water moccasins
  2 orc warriors
  A black bear (D:5)
  An ogre (D:6)
  A centaur (D:9)
  3 wolves (D:9)
  A kobold brigand (D:7)
  3 phantoms
  4 bullfrogs
  A scorpion (D:5)
  3 water moccasin zombies (Ossuary)
  5 wights
  Dowan (D:5)
  3 howler monkeys (D:8)
  2 jellies
  2 orc priests
  2 hounds
  4 iguanas
  15 hell rats
  7 orc wizards
  2 mummies (Ossuary)
  2 adders
  4 river rats
  A shadow imp (D:6)
  A white imp (D:8)
  An adder zombie (Ossuary)
  6 dart slugs
  18 orcs
  4 bats
  3 endoplasms
  A giant cockroach (D:1)
  6 goblins
  2 hobgoblins (D:1)
  A quokka (D:5)
  9 ball pythons
  4 frilled lizards
  4 gnoll zombies (Ossuary)
  6 hobgoblin zombies (Ossuary)
  5 kobolds
  4 kobold zombies (Ossuary)
  7 orc zombies (Ossuary)
  6 rats
287 creatures vanquished.

Vanquished Creatures (collateral kills)
  3 emperor scorpions
  A ghost moth (Spider:3)
  2 broodmothers (Spider:1)
  3 entropy weavers
  2 spark wasps
  A boulder beetle (Spider:3)
  4 jorogumos
  A catoblepas (Lair:5)
  5 death yaks
  3 pharaoh ants (Spider:2)
  3 steelbarb worms
  9 orb spiders
  3 wolf spiders
  A moth of wrath (Spider:1)
  A will-o-the-wisp (Lair:3)
  A manticore (Lair:5)
  5 cane toads
  8 demonic crawlers
  A torpor snail (Spider:3)
  A redback zombie (Spider:2)
  3 komodo dragons (Lair:5)
  A polar bear (Lair:4)
  3 blink frogs (Lair:4)
  16 tarantellas
  9 jumping spiders
  11 culicivoras
  A basilisk (Lair:5)
  A wyvern (Lair:5)
  8 yaks
  39 redbacks
  2 water moccasins
  A bullfrog (Lair:2)
  A yak zombie (Lair:2)
  3 wights (D:9)
  A jelly (Lair:5)
  5 hell rats
  2 river rats (Lair:4)
  An endoplasm (Lair:5)
166 creatures vanquished.

Vanquished Creatures (others)
  A ghost moth (Spider:4)
  An entropy weaver (Spider:2)
  2 spark wasps
  A boulder beetle (Spider:3)
  A radroach (Spider:1)
  2 spark wasp zombies (Spider:1)
  An entropy weaver zombie (Spider:1)
  2 steelbarb worms
  3 orb spiders
  A broodmother zombie (Spider:1)
  3 wolf spiders
  8 wolf spider zombies
  2 moths of wrath
  2 death yak zombies (Lair:5)
  A steelbarb worm zombie (Spider:2)
  14 redback zombies
  8 orb spider zombies
  2 meliai (Spider:4)
  6 demonic crawler zombies
  13 tarantella zombies
  5 moth of wrath zombies
  5 tarantellas
  A polar bear (Lair:5)
  10 jumping spider zombies
  7 culicivora zombies
  2 blink frogs (Lair:5)
  2 black mamba zombies
  11 jumping spiders
  A radroach zombie (Spider:1)
  3 culicivoras
  2 yaks (Lair:5)
  8 redbacks
  A cane toad zombie (Lair:5)
  3 blink frog zombies (Lair:4)
  2 torpor snail zombies
  2 water moccasin zombies (Lair:5)
  A wyvern zombie (Lair:5)
  A polar bear zombie (Lair:5)
  6 yak zombies (Lair:5)
  A centaur zombie (D:9)
  A bullfrog zombie (Lair:3)
  7 hell rat zombies
  2 river rat zombies
  2 rat zombies (Lair:4)
  16 foxfires (Lair:3)
  13 fungi
  35 plants
224 creatures vanquished.

Grand Total: 677 creatures vanquished

Notes
Turn   | Place    | Note
-------+----------+-------------------------------------------
     0 | D:1      | Ofeo the Meteoran Ice Elementalist began the quest for the
                  | Orb.
     0 | D:1      | Reached XP level 1. HP: 14/14 MP: 5/5
    73 | D:1      | Reached XP level 2. HP: 20/20 MP: 4/6
   124 | D:1      | Reached skill level 3 in Spellcasting
   152 | D:1      | Reached XP level 3. HP: 19/26 MP: 2/8
   213 | D:2      | Learned a level 3 spell: Frozen Ramparts
   217 | D:2      | Learned a level 3 spell: Ozocubu's Armour
   316 | D:3      | Identified the +7 triple sword of Salt {elec, rN+ Int+2}
   381 | D:3      | Reached XP level 4. HP: 33/33 MP: 9/9
   464 | D:4      | Reached skill level 1 in Fighting
   464 | D:4      | Reached skill level 5 in Ice Magic
   464 | D:4      | Reached XP level 5. HP: 40/40 MP: 11/11
   526 | D:5      | Entered Level 5 of the Dungeon
   551 | D:5      | Noticed Duvessa
   551 | D:5      | Noticed Dowan
   551 | D:5      | Noticed a black bear
   692 | D:5      | Learned a level 4 spell: Hailstorm
   710 | D:5      | Reached skill level 4 in Spellcasting
   710 | D:5      | Reached XP level 6. HP: 43/47 MP: 13/13
   711 | D:5      | Found a staircase to the Ecumenical Temple.
   727 | Temple   | Entered the Ecumenical Temple
   812 | Temple   | Became a worshipper of Kikubaaqudgha
   927 | D:5      | Killed a black bear
   928 | D:5      | Reached XP level 7. HP: 36/55 MP: 10/14
   947 | D:5      | Killed Dowan
  1153 | D:6      | Reached skill level 5 in Spellcasting
  1153 | D:6      | Reached XP level 8. HP: 48/63 MP: 8/16
  1154 | D:6      | Reached skill level 5 in Dodging
  1185 | D:6      | Noticed a wyvern
  1194 | D:6      | Killed a wyvern
  1303 | D:7      | Found a sand-covered staircase.
  1311 | Ossuary  | Entered an ossuary
  1329 | Ossuary  | Reached * piety under Kikubaaqudgha
  1329 | Ossuary  | Received a gift from Kikubaaqudgha
  1357 | Ossuary  | Gained mutation: You passively map the area around you.
                  | [Meteoran growth]
  1357 | Ossuary  | Reached XP level 9. HP: 71/71 MP: 18/18
  1393 | Ossuary  | Learned a level 4 spell: Animate Dead
  1396 | Ossuary  | Learned a level 2 spell: Sublimation of Blood
  1449 | Ossuary  | Reached skill level 6 in Spellcasting
  1503 | D:7      | Identified a scroll of acquirement
  1503 | D:7      | Acquired 906 gold pieces
  1550 | D:6      | Reached skill level 1 in Conjurations
  1550 | D:6      | Reached skill level 1 in Necromancy
  1592 | D:7      | Found a white marble altar of Elyvilon.
  1722 | D:8      | Reached ** piety under Kikubaaqudgha
  2020 | D:9      | Noticed Grum
  2027 | D:9      | Killed Grum
  2028 | D:9      | Reached skill level 5 in Fighting
  2118 | D:9      | Reached XP level 10. HP: 79/81 MP: 11/21
  2126 | D:10     | Entered Level 10 of the Dungeon
  2152 | D:9      | Found a shimmering blue altar of Sif Muna.
  2177 | D:9      | Found a staircase to the Lair.
  2177 | D:9      | Noticed a death yak
  2177 | D:9      | Noticed a death yak
  2178 | D:9      | Noticed a death yak
  2178 | D:9      | Noticed a two-headed ogre
  2185 | D:9      | Killed a two-headed ogre
  2186 | D:9      | Reached skill level 7 in Spellcasting
  2188 | D:9      | Killed a death yak
  2189 | D:9      | Reached skill level 5 in Stealth
  2189 | D:9      | Killed a death yak
  2195 | D:9      | Killed a death yak
  2196 | D:9      | Reached XP level 11. HP: 53/91 MP: 11/23
  2199 | D:9      | Reached skill level 8 in Spellcasting
  2231 | D:9      | Reached skill level 5 in Conjurations
  2234 | D:9      | Reached *** piety under Kikubaaqudgha
  2234 | D:9      | Received a gift from Kikubaaqudgha
  2288 | Lair:1   | Entered Level 1 of the Lair of Beasts
  2317 | Lair:2   | Reached skill level 5 in Necromancy
  2347 | Lair:2   | Noticed Fannar
  2365 | Lair:2   | Killed Fannar
  2419 | Lair:2   | Noticed a seven-headed hydra
  2430 | Lair:2   | Killed a seven-headed hydra
  2443 | Lair:2   | Noticed a six-headed hydra
  2455 | Lair:2   | Killed a six-headed hydra
  2538 | Lair:2   | Reached skill level 9 in Spellcasting
  2556 | Lair:2   | Noticed a five-headed hydra
  2565 | Lair:2   | Reached XP level 12. HP: 93/100 MP: 17/26
  2569 | Lair:2   | Killed a five-headed hydra
  2592 | Lair:2   | Noticed Urug
  2605 | Lair:2   | Killed Urug
  2833 | Lair:4   | Reached **** piety under Kikubaaqudgha
  2842 | Lair:3   | Noticed a seven-headed hydra
  2858 | Lair:3   | Killed a seven-headed hydra
  2912 | Lair:3   | Found a staircase to the Swamp.
  3053 | Lair:3   | Noticed an eight-headed hydra
  3066 | Lair:3   | Killed an eight-headed hydra
  3067 | Lair:3   | Reached skill level 10 in Spellcasting
  3190 | Lair:3   | Reached skill level 10 in Dodging
  3190 | Lair:3   | Reached skill level 10 in Ice Magic
  3195 | Lair:3   | Found a hole to the Spider Nest.
  3281 | Lair:4   | Learned a level 4 spell: Anguish
  3342 | Lair:5   | Entered Level 5 of the Lair of Beasts
  3381 | Lair:4   | Reached XP level 13. HP: 108/108 MP: 27/28
  3489 | Lair:5   | Noticed a six-headed hydra
  3516 | Lair:4   | Noticed a death yak
  3518 | Lair:4   | Noticed a death yak
  3518 | Lair:4   | Noticed a death yak
  3519 | Lair:4   | Noticed a death yak
  3529 | Lair:4   | Noticed a death yak
  3537 | Lair:4   | Killed a death yak
  3539 | Lair:4   | Killed a death yak
  3541 | Lair:4   | Killed a death yak
  3541 | Lair:4   | Killed a death yak
  3543 | Lair:4   | Killed a death yak
  3639 | Lair:5   | Reached skill level 1 in Evocations
  3706 | Lair:5   | Killed a six-headed hydra
  3707 | Lair:5   | Reached skill level 11 in Spellcasting
  3753 | Lair:5   | Found a staircase to the Slime Pits.
  3827 | Lair:5   | Reached ***** piety under Kikubaaqudgha
  3907 | Lair:5   | Noticed a catoblepas
  3916 | Lair:5   | Killed a catoblepas
  3928 | Lair:5   | Acquired a book of Beasts
  3939 | Lair:5   | Noticed a catoblepas
  3949 | Lair:5   | Killed a catoblepas
  3958 | Lair:5   | Noticed a death yak
  3958 | Lair:5   | Noticed a death yak
  3967 | Lair:5   | Noticed a death yak
  3974 | Lair:5   | Killed a death yak
  3975 | Lair:5   | Reached XP level 14. HP: 72/119 MP: 18/30
  3979 | Lair:5   | Reached skill level 10 in Fighting
  3979 | Lair:5   | Reached skill level 5 in Evocations
  4240 | Lair:3   | Found a runed translucent door.
  4257 | Spider:1 | Entered Level 1 of the Spider Nest
  4257 | Spider:1 | Noticed a broodmother
  4258 | Spider:1 | Noticed an entropy weaver
  4261 | Spider:1 | Noticed a broodmother
  4299 | Spider:1 | Killed a broodmother
  4300 | Spider:1 | Reached skill level 12 in Spellcasting
  4310 | Spider:1 | Noticed an emperor scorpion
  4353 | Spider:1 | Noticed a broodmother
  4365 | Spider:1 | Killed a broodmother
  4366 | Spider:1 | Reached XP level 15. HP: 14/128 MP: 14/32
  4380 | Spider:1 | HP: 6/129 [demonic crawler (5)]
  4416 | Spider:1 | Killed a broodmother
  4432 | Spider:1 | Killed an emperor scorpion
  4459 | Spider:1 | Reached skill level 10 in Evocations
  4504 | Spider:1 | Found a runed translucent gate.
  4504 | Spider:1 | Found a runed translucent gate.
  4504 | Spider:1 | Found a runed translucent gate.
  4509 | Spider:1 | Noticed meatsac's ghost (adept GnMo)
  4542 | Spider:1 | Reached skill level 13 in Spellcasting
  4678 | Spider:2 | Found a runed translucent door.
  4739 | Spider:2 | Reached XP level 16. HP: 93/139 MP: 34/34
  4932 | Spider:3 | Killed a ghost moth
  4972 | Spider:3 | Learned a level 6 spell: Simulacrum
  4981 | Spider:3 | Learned a level 6 spell: Death Channel
  5020 | Spider:3 | Identified the +4 short sword of the Healing Ancients
                  | {elec, rElec Dex+5 Stlth+}
  5104 | Spider:4 | Entered Level 4 of the Spider Nest
  5299 | Spider:4 | Noticed an emperor scorpion
  5303 | Spider:4 | Noticed an emperor scorpion
  5308 | Spider:4 | Killed an emperor scorpion
  5313 | Spider:4 | Killed an emperor scorpion
  5316 | Spider:4 | Reached ****** piety under Kikubaaqudgha
  5360 | Spider:4 | Reached skill level 14 in Spellcasting
  5373 | Spider:4 | Noticed an emperor scorpion
  5378 | Spider:4 | Noticed an emperor scorpion
  5380 | Spider:4 | Noticed an emperor scorpion
  5398 | Spider:4 | HP: 6/141 [demonic crawler (10)]
  5399 | Spider:4 | HP: 1/141 [demonic crawler (12)]
  5399 | Spider:4 | Slain by a demonic crawler

Illustrated notes

Levels and vault maps discovered:
D:1:      lightli_iron_boxes, layout_rooms, feat_on_display
D:2:      layout_loops_ring, uniq_crazy_yiuf_cottage
D:3:      layout_basic, hangedman_decor_push, chequers_big_river
D:4:      layout_rooms, st_stairs_8
D:5:      layout_loops_ring, mainiacjoe_overflow_cross_hatched,
          minmay_temple_entry_slanted, grunt_decor_fettered, uniq_duvessa
D:6:      layout_loops_cross, chequers_temple_overflow_minitemple,
          doesnt_shop_hydraphobe, uniq_maggie
D:7:      layout_cave_pods, nicolae_overflow_crystal_walls, elyvilon_altar_3,
          chequers_ossuary_entry_cave, uniq_prince_ribbit1
D:8:      layout_cave_pods
D:9:      layout_loops_ring, mainiacjoe_overflow_alcove_4, dpeg_lair_monsters,
          uniq_psyche, uniq_grum
D:10:     layout_grid_maze, mainiacjoe_overflow_chevrons, serial_shops,
          shop_fountains, hellmonk_ghost_happy_afterlife, serial_park_tiny_1
Temple:   minmay_temple_bridge_abc
Lair:1:   layout_misc_corridors, nzn_masters_of_martial_movement,
          infiniplex_staircase_pool_2, uniq_gastronok
Lair:2:   layout_roguey, minmay_shattered_shrine, uniq_fannar, uniq_urug
Lair:3:   layout_cave_shapes, minmay_swamp_entry_wisps, spider_nest_entry_webs,
          ebering_ghost_reflecting_pool
Lair:4:   layout_gridlike, kennysheep_abandoned_house, grunt_megastairs_2
Lair:5:   evilmike_catoblepas_cave, layout_regular_city,
          nicolae_slime_entry_slimehenge, grunt_forest_small_clearings
Spider:1: cheibrodos_forgotten_conduit, ebering_ghost_rock_garden
Spider:2: cheibrodos_spider_deadly_dance, nicolae_spider_bug_shape
Spider:3: layout_spider_delve, nicolae_spider_orb_run
Spider:4: grunt_spider_rune_circles, hangedman_spider_mandibles, worms_lemuel

Skill      XL: |  1  2  3  4  5  6  7  8  9 10 11 12 13 14 15 16 |
---------------+-------------------------------------------------+-----
Spellcasting   | 3 4 5 6 7 9 10 11 12 13 14 | 14.0
Dodging        | 3 4 5 6 7 9 10 11 12 13 | 13.8
Stealth        | 2 3 4 5 6 7 8 9 |  9.9
Fighting       | 1 2 3 4 5 6 7 8 9 10 11 12 | 12.4
Ice Magic      | 5 6 7 8 9 10 | 10.5
Conjurations   | 3 4 5 |  5.0
Necromancy     | 2 4 6 7 8 |  8.1
Evocations     | 4 8 11 12 | 12.8

Action                   |  1- 3 |  4- 6 |  7- 9 | 10-12 | 13-15 | 16-18 || total
-------------------------+-------+-------+-------+-------+-------+-------++-------
Melee: Unarmed           |     4 |       |       |       |       |       ||     4
       Triple sword      |       |     7 |   116 |    93 |   138 |    30 ||   384
 Cast: Freeze            |    39 |    42 |    47 |    37 |    11 |       ||   176
       Ozocubu's Armour  |       |     1 |    16 |    22 |    23 |     3 ||    65
       Hailstorm         |       |       |    10 |    12 |     5 |       ||    27
       Frozen Ramparts   |       |       |     8 |    16 |    23 |     7 ||    54
       Animate Dead      |       |       |       |     5 |     9 |     3 ||    17
       Anguish           |       |       |       |       |    31 |    11 ||    42
       Sublimation of Bl |       |       |       |       |     2 |       ||     2
       Simulacrum        |       |       |       |       |       |     5 ||     5
       Death Channel     |       |       |       |       |       |     2 ||     2
Invok: Unearth Wretches  |       |       |       |       |     9 |     6 ||    15
Evoke: Wand              |       |       |       |     4 |     9 |    10 ||    23
  Use: Scroll            |       |       |    14 |     1 |     9 |    10 ||    34
       Potion            |       |       |     2 |     3 |     9 |     3 ||    17
 Stab: Sleeping          |       |     1 |       |       |     1 |     1 ||     3
       Paralysed         |       |       |       |       |     5 |     3 ||     8
       Distracted        |       |       |       |       |     2 |       ||     2
Armor: Robe              |    15 |    16 |    56 |       |       |       ||    87
       Steam dragon scal |       |       |     5 |    99 |   134 |    38 ||   276
       Skin              |       |       |       |     8 |       |       ||     8
Dodge: Dodged            |    16 |    26 |   108 |   180 |   205 |   107 ||   642
